 Dungeon Crawl Stone Soup version 0.25-a0-705-ge9988fc0fb (webtiles) character file.

Game seed: 11593661525343049582, levelgen mode: deterministic

56143 Maedhros the Martial Artist (level 14, -4/92 HPs)
             Began as an Octopode Artificer on Apr 3, 2020.
             Was a High Priest of Cheibriados.
             Slain by a salamander mystic
             ... wielding a +0 quarterstaff
              (12 damage)
             ... in a volcano on Apr 4, 2020.
             The game lasted 00:50:44 (14393 turns).

Maedhros the Martial Artist (Octopode Artificer)   Turns: 14393, Time: 00:50:44

Health: -4/92      AC:  3    Str: 30    XL:     14   Next: 80%
Magic:  17/27      EV: 26    Int: 28    God:    Cheibriados [*****.]
Gold:   566        SH:  0    Dex: 30    Spells: 15/31 levels left

rFire    . . .     SeeInvis .     - Unarmed
rCold    + . .     Gourm    .   (no shield)
rNeg     . . .     Faith    .   L - +2 hat {MR+}
rPois    +         Spirit   .   m - amulet of the acrobat
rElec    .         Reflect  .   h - ring of stealth
rCorr    .         Harm     .   q - ring of poison resistance
MR       ++...                  z - +4 ring of strength
Stlth    +++++++...             (no ring)
HPRegen  0.25/turn              (no ring)
MPRegen  0.20/turn              (no ring)
                                (no ring)
                                (no ring)

@: studying Maces & Flails, very slow
A: almost no armour, stealthy swim, amphibious, 8 rings, constrict 8, repulsion
field 1, camouflage 1, cold resistance 1, gelatinous body 1
a: Bend Time, Temporal Distortion, Slouch, Step From Time, Renounce Religion


You were in a volcano.
You worshipped Cheibriados.
Cheibriados was extremely pleased with you.
You were hungry.

You visited 4 branches of the dungeon, and saw 20 of its levels.
You also visited: Sewer, Bailey and Volcano.

You collected 1671 gold pieces.
You spent 1105 gold pieces at shops.

Inventory:

Hand Weapons
 I - a +2 dagger of venom
 N - a cursed +2 dagger of freezing
Missiles
 B - 11 curare-tipped darts
 J - 34 poisoned darts (quivered)
 Q - 12 javelins
Armour
 L - a +2 hat of magic resistance (worn)
Jewellery
 h - a ring of stealth (left tentacle)
 m - an amulet of the acrobat (around mantle)
 q - a ring of poison resistance (right tentacle)
 z - a +4 ring of strength (on tentacle)
Wands
 a - a wand of acid (5)
 b - a wand of flame (37)
 c - a wand of enslavement (8)
 d - a wand of disintegration (13)
 s - a wand of digging (11)
 v - a wand of paralysis (9)
 y - a wand of iceblast (11)
 M - a wand of polymorph (7)
Scrolls
 i - 2 scrolls of teleportation
 j - 7 scrolls of remove curse
 k - a scroll of silence {unknown}
 n - a scroll of torment {unknown}
 o - a scroll of magic mapping
 p - 4 scrolls of immolation
 r - a scroll of vulnerability {unknown}
 t - 3 scrolls of amnesia {unknown}
 u - a scroll of acquirement {unknown}
 C - 3 scrolls of enchant weapon
 E - a scroll of fog {unknown}
 G - 2 scrolls of fear {unknown}
 R - 3 scrolls of enchant armour {unknown}
 S - a scroll of identify
 T - a scroll of random uselessness {unknown}
Potions
 e - 10 potions of curing
 g - a potion of experience {unknown}
 l - 3 potions of heal wounds
 w - 4 potions of brilliance
 A - 4 potions of might
 D - 6 potions of stabbing
 F - 2 potions of flight
 H - 3 potions of invisibility
 K - a potion of ambrosia {unknown}
 P - 3 potions of lignification {unknown}
Books
 x - a manual of Maces & Flails
Miscellaneous
 O - a lightning rod (4/4)
Comestibles
 f - 24 rations


   Skills:
 - Level 7.0 Fighting
 - Level 1.0 Short Blades
 - Level 10.0 Dodging
 - Level 9.2 Stealth
 + Level 12.3 Unarmed Combat
 - Level 9.0 Spellcasting
 + Level 7.9 Summonings
 + Level 7.9 Translocations
 - Level 9.3 Invocations
 - Level 7.7 Evocations


You had 15 spell levels left.
You knew the following spells:

 Your Spells              Type           Power        Failure   Level  Hunger
a - Summon Forest         Summ/Tloc      ######....   4%          5    ####...
b - Blink                 Tloc           N/A          1%          2    None
c - Song of Slaying       Chrm           ##......     7%          2    None
d - Malign Gateway        Summ/Tloc      ######....   82%         7    #######

Your spell library contained the following spells:

 Spells                   Type           Power        Failure   Level  Hunger
 Shroud of Golubria       Chrm/Tloc      ####..       1%          2    None
 Recall                   Summ/Tloc      N/A          1%          3    None
 Infusion                 Chrm           ##..         4%          1    None
 Magic Dart               Conj           ##..         4%          1    None
 Searing Ray              Conj           ##....       7%          2    None
 Iskenderun's Mystic Bla  Conj/Tloc      ####....     9%          4    None
 Dazzling Flash           Conj/Hex       ##....       13%         3    None
 Ozocubu's Armour         Chrm/Ice       ##......     13%         3    None
 Spectral Weapon          Hex/Chrm       ##......     13%         3    None
 Stone Arrow              Conj/Erth      ##....       13%         3    None
 Fulminant Prism          Conj/Hex       ##........   41%         4    None
 Bolt of Magma            Conj/Fire/Erth ##........   77%         5    ####...
 Lightning Bolt           Conj/Air       ##........   77%         5    ####...
 Iron Shot                Conj/Erth      ##........   100%        6    #####..


Dungeon Overview and Level Annotations

Branches:
Dungeon (13/15)            Temple (1/1) D:4            Lair (4/6) D:9
  Swamp (0/4) Lair:2          Orc (2/2) D:12            Elf (0/3) Orc:2
  Sewer (visited)          Bailey (visited)         Volcano (1/1)
  Snake: Lair:2-4    Spider: Lair:2-4    Vaults: D:13-14

Altars:
Cheibriados
Gozag
Makhleb
Nemelex Xobeh
Qazlal
Trog
Wu Jian
Xom
Yredelemnul
The Shining One
Beogh

Shops:
D:5 %*   D:8 (   D:12 !   Orc:2 ([}}

Annotations:
D:9 3 runed translucent doors, Maedhros's ghost, novice OpAr


Innate Abilities, Weirdness & Mutations

You cannot wear most types of armour.
You are very stealthy in the water. (Stealth+)
You are amphibious.
You can wear up to eight rings at the same time.
You can use your tentacles to constrict eight enemies at once.
Your skin changes colour to match your surroundings (Stealth+).
Your rubbery body absorbs attacks. (AC +1, EV +1)
You are surrounded by a mild repulsion field. (EV +2)
Your flesh is cold resistant. (rC+)


Message History

You are engulfed in flames!
* * * LOW HITPOINT WARNING * * *
The salamander mystic completely misses you.
The salamander completely misses you.
Unknown command.
You can feel time thicken for a moment.
You kill the salamander!
Cheibriados thoroughly appreciates the change of pace.
You feel somewhat more hungry.
Cheibriados lowers the support of your attributes as your movement quickens.
The salamander mystic hits you but does no damage.
Unknown command.
Unknown command.
You bludgeon the salamander mystic! You grab the salamander mystic.
The salamander mystic is almost dead.
You constrict the salamander mystic, but do no damage.
The salamander mystic hits you with a +0 quarterstaff!
* * * LOW HITPOINT WARNING * * *
You are engulfed in flames!
You die...

≈§≈§§≈≈≈≈§§≈§≈§≈§≈≈§.≈§§§§≈≈≈§≈≈§
≈§≈≈≈≈≈≈≈§≈§≈§§≈≈§.≈≈≈§§≈§≈≈≈≈≈≈≈
≈§§§§≈≈≈≈≈≈§§§§.≈§≈≈.≈§§≈≈≈≈≈§≈§≈
≈≈§≈§≈≈≈.........§.......§§§≈≈≈≈≈
§≈§§§≈≈°#################§§§≈§§§≈
≈§≈≈≈§≈.# +.....+ #.§≈≈§≈≈≈
≈≈≈≈§≈≈.# #.8_8.# #.≈≈§≈°○≈
§§≈≈≈b≈.# #..N).#
≈§§≈≈≈≈.###++###@#
≈≈§≈≈§≈.#......#.#
§≈§≈≈≈≈.######.#.# ≈≈§≈≈§§§# #.#
≈≈≈≈≈≈≈.# #.# ≈≈≈≈≈≈.§# #.#
≈§≈≈§≈≈.# #.#
≈§§≈≈≈≈.########+#######
≈≈§≈§≈≈§.§§.............


You could see a salamander mystic.

Vanquished Creatures
  A sphinx (D:12)
  Gastronok (D:8)
  A frost giant (D:12)
  An orc warlord (Bailey)
  An ettin (D:12)
  A yaktaur captain (D:12)
  Josephine (D:11)
  2 ogre magi (Orc:2)
  Harold (D:7)
  2 centaur warriors
  12 two-headed ogres
  A tengu warrior (D:12)
  Urug (D:12)
  Sonja (D:10)
  2 deep trolls (Orc:2)
  3 orc knights
  A deep elf mage (D:12)
  An orc sorcerer (Orc:2)
  5 cyclopes
  3 ugly things
  3 salamanders (Volcano)
  A manticore (D:11)
  A centaur zombie (D:11)
  3 gargoyles
  A black mamba (Lair:2)
  3 centaur skeletons
  A kobold demonologist (D:8)
  A spiny frog (Lair:2)
  A yaktaur (D:12)
  9 trolls
  4 blink frogs (Lair:3)
  A meliai (D:10)
  Grinder (D:4)
  Prince Ribbit (D:6)
  4 slime creatures (D:12)
  A hornet (D:12)
  9 hippogriffs
  3 wyverns
  A redback (D:12)
  4 wraiths
  A shadow (D:10)
  13 yaks
  2 basilisks
  Grum (D:10)
  4 wargs
  An acid dragon (D:12)
  2 swamp worms (Lair:2)
  4 water moccasins
  4 porcupines
  5 ice beasts
  29 orc warriors
  7 phantoms
  29 ogres
  2 eyes of draining
  A necrophage (D:9)
  4 sky beasts
  17 wolves
  10 centaurs
  4 crocodiles
  A big kobold (Sewer)
  Blork the orc (D:4)
  5 bullfrogs
  A gnoll sergeant (D:7)
  A wyvern zombie (D:12)
  A scorpion (D:11)
  A vampire bat (Lair:1)
  8 wights
  7 howler monkeys
  5 crimson imps
  4 lava snakes (Volcano)
  3 jellies
  6 bullfrog skeletons
  29 orc wizards
  A quasit (D:10)
  A gnoll shaman (D:6)
  24 orc priests
  10 hounds
  Ijyb (D:3)
  2 iguanas
  8 worker ants
  2 hound zombies
  2 worker ant zombies
  A howler monkey zombie (D:6)
  26 gnolls
  20 adders
  5 river rats (Sewer)
  4 shadow imps
  An ooze (D:2)
  An adder zombie (D:5)
  3 adder skeletons
  3 leopard geckos
  113 orcs
  13 bats
  8 giant cockroaches
  17 goblins
  14 hobgoblins
  7 jackals
  8 quokkas
  3 ball pythons (Sewer)
  6 frilled lizards
  A jackal zombie (D:6)
  21 kobolds
  A leopard gecko skeleton (D:5)
  23 rats
658 creatures vanquished.

Vanquished Creatures (collateral kills)
  4 gnolls
  An adder (D:9)
  2 orcs (Bailey)
  5 hobgoblins (Bailey)
  5 goblins (Bailey)
17 creatures vanquished.

Vanquished Creatures (others)
  An orc knight (Bailey)
  2 orc warriors (Bailey)
  A centaur (D:8)
  A jelly (D:8)
  A gnoll (D:2)
  An adder (D:3)
7 creatures vanquished.

Grand Total: 682 creatures vanquished

Notes
Turn   | Place    | Note
-------+----------+-------------------------------------------
     0 | D:1      | Maedhros the Octopode Artificer began the quest for the
                  | Orb.
     0 | D:1      | Reached XP level 1. HP: 13/13 MP: 3/3
   255 | D:1      | Reached XP level 2. HP: 14/18 MP: 4/4
   608 | D:2      | Reached XP level 3. HP: 23/23 MP: 4/6
   680 | D:2      | Reached XP level 4. HP: 10/28 MP: 7/7
  1262 | D:2      | Found a bloodstained altar of Trog.
  1362 | D:2      | Found a shimmering altar of Xom.
  1584 | D:3      | Reached XP level 5. HP: 19/33 MP: 8/8
  1756 | D:3      | Reached skill level 5 in Evocations
  1782 | D:3      | You fall into a shaft and drop 1 floor!
  1798 | D:4      | Reached skill level 5 in Stealth
  1898 | D:4      | Found a staircase to the Ecumenical Temple.
  1899 | D:4      | Noticed Grinder
  1908 | D:4      | Killed Grinder
  1908 | D:4      | Reached XP level 6. HP: 23/38 MP: 10/10
  1912 | Temple   | Entered the Ecumenical Temple
  2037 | Temple   | Became a worshipper of Cheibriados the Contemplative
  2342 | D:3      | Reached XP level 7. HP: 39/43 MP: 11/11
  2606 | D:3      | Found a bloodstained altar of Trog.
  2606 | D:3      | Noticed Ijyb
  2613 | D:3      | Killed Ijyb
  2614 | D:3      | Found a blossoming altar of Fedhas.
  2614 | D:3      | Found a shimmering altar of Xom.
  2617 | D:3      | Found a burning altar of Makhleb.
  2617 | D:3      | Found a shimmering altar of Xom.
  2617 | D:3      | Found a glowing golden altar of the Shining One.
  3002 | D:4      | Noticed Blork the orc
  3008 | D:4      | Killed Blork the orc
  3198 | D:4      | Reached * piety under Cheibriados
  3398 | D:4      | Found a basalt altar of Yredelemnul.
  3709 | D:5      | Entered Level 5 of the Dungeon
  3896 | D:5      | Reached XP level 8. HP: 48/48 MP: 13/13
  4018 | D:5      | Found Giozevem's Food Shop.
  4047 | D:5      | Found Zaots's General Store.
  4052 | D:5      | Bought a wand of iceblast (9) for 143 gold pieces
  4069 | D:5      | Found an ornate altar of the Wu Jian Council.
  4128 | D:5      | Reached ** piety under Cheibriados
  4128 | D:5      | Reached skill level 1 in Unarmed Combat
  4140 | D:5      | Reached skill level 2 in Unarmed Combat
  4234 | D:6      | Found a glowing golden altar of the Shining One.
  4234 | D:6      | Noticed Prince Ribbit
  4249 | D:6      | Killed Prince Ribbit
  4249 | D:6      | Reached skill level 4 in Unarmed Combat
  4469 | D:6      | Reached skill level 5 in Unarmed Combat
  4530 | D:6      | Reached skill level 6 in Unarmed Combat
  4536 | D:6      | Reached XP level 9. HP: 36/53 MP: 14/14
  4571 | D:6      | Found a glowing drain.
  4584 | Sewer    | Entered a sewer
  4692 | Sewer    | Reached *** piety under Cheibriados
  4805 | Sewer    | Reached skill level 7 in Unarmed Combat
  4836 | Sewer    | Reached **** piety under Cheibriados
  5014 | D:7      | Reached skill level 8 in Unarmed Combat
  5108 | D:7      | Reached skill level 9 in Unarmed Combat
  5267 | D:8      | Found a flagged portal.
  5282 | D:8      | Reached ***** piety under Cheibriados
  5292 | Bailey   | Entered a bailey
  5474 | Bailey   | Reached skill level 1 in Invocations
  5586 | Bailey   | Noticed an orc knight
  5587 | Bailey   | Noticed an orc knight
  5601 | Bailey   | Killed an orc knight
  5601 | Bailey   | Reached XP level 10. HP: 58/60 MP: 15/15
  5608 | Bailey   | Noticed an orc warlord
  5614 | Bailey   | Reached skill level 10 in Unarmed Combat
  5621 | Bailey   | Killed an orc warlord
  5621 | Bailey   | Reached skill level 5 in Invocations
  5648 | Bailey   | Identified the Disquisition on Twisted Blows and Bruises
  5655 | Bailey   | Identified the Papyrus of Earthen Displacement
  5663 | Bailey   | Learned a level 5 spell: Summon Forest
  5746 | D:8      | Found Jeckoloi's Weapon Shoppe.
  5808 | D:8      | Found a bloodstained altar of Trog.
  5838 | D:8      | Reached skill level 1 in Summonings
  5838 | D:8      | Reached skill level 1 in Translocations
  5955 | D:7      | Noticed Harold
  5974 | D:7      | Killed Harold
  6191 | D:8      | Reached XP level 11. HP: 48/69 MP: 16/16
  6198 | D:8      | Reached ****** piety under Cheibriados
  6374 | D:8      | Noticed Gastronok
  6383 | D:8      | Killed Gastronok
  6383 | D:8      | Reached skill level 5 in Dodging
  6435 | D:9      | Found a runed translucent gate.
  6435 | D:9      | Found a runed translucent gate.
  6435 | D:9      | Found a runed translucent gate.
  6477 | D:9      | Noticed Maedhros's ghost (novice OpAr)
  6483 | D:9      | Found a staircase to the Lair.
  6520 | D:9      | Reached skill level 5 in Fighting
  6760 | D:10     | Entered Level 10 of the Dungeon
  6760 | D:10     | Noticed Grum
  6766 | D:10     | Killed Grum
  6815 | D:10     | Noticed Sonja
  6816 | D:10     | Killed Sonja
  7171 | D:10     | Reached XP level 12. HP: 78/78 MP: 18/18
  7459 | D:11     | Noticed a centaur warrior
  7463 | D:11     | Killed a centaur warrior
  7463 | D:11     | Reached skill level 5 in Summonings
  7463 | D:11     | Reached skill level 5 in Translocations
  7888 | D:11     | Noticed Josephine
  7894 | D:11     | Killed Josephine
  8010 | D:10     | Noticed a two-headed ogre
  8015 | D:10     | Killed a two-headed ogre
  8318 | D:12     | Noticed a two-headed ogre
  8324 | D:12     | Killed a two-headed ogre
  8356 | D:12     | Found Daonil's Distillery.
  8359 | D:12     | Noticed Urug
  8371 | D:12     | Killed Urug
  8381 | D:12     | Bought a potion of mutation for 120 gold pieces
  8381 | D:12     | Bought a potion of heal wounds for 75 gold pieces
  8381 | D:12     | Bought a potion of might for 60 gold pieces
  8429 | D:12     | Gained mutation: Scrolls take you a little longer to read.
                  | [potion of mutation]
  8429 | D:12     | Gained mutation: You are weak. (Str -2) [potion of
                  | mutation]
  8429 | D:12     | Gained mutation: You are clumsy. (Dex -2) [potion of
                  | mutation]
  8429 | D:12     | Gained mutation: You are surrounded by a mild repulsion
                  | field. (EV +2) [potion of mutation]
  8430 | D:12     | Lost mutation: You are weak. (Str -2) [potion of mutation]
  8430 | D:12     | Lost mutation: Scrolls take you a little longer to read.
                  | [potion of mutation]
  8430 | D:12     | Lost mutation: You are clumsy. (Dex -2) [potion of
                  | mutation]
  8430 | D:12     | Gained mutation: Your flesh is cold resistant. (rC+)
                  | [potion of mutation]
  8445 | D:12     | Noticed a two-headed ogre
  8458 | D:12     | Killed a two-headed ogre
  8458 | D:12     | Reached XP level 13. HP: 32/86 MP: 19/19
  8729 | D:12     | Noticed a frost giant
  8734 | D:12     | Noticed a yaktaur captain
  8734 | D:12     | Noticed an ettin
  9286 | D:12     | Found a staircase to the Orcish Mines.
  9316 | D:12     | Learned a level 2 spell: Blink
  9319 | D:12     | Learned a level 2 spell: Song of Slaying
  9331 | Orc:1    | Entered Level 1 of the Orcish Mines
  9983 | D:12     | Reached skill level 10 in Dodging
 10179 | Orc:1    | You fall into a shaft and drop 1 floor!
 10179 | Orc:2    | Entered Level 2 of the Orcish Mines
 10204 | Orc:2    | Reached skill level 1 in Spellcasting
 10403 | Orc:2    | Found Anoi's Gadget Shop.
 10404 | Orc:2    | Found Ilenaczeity's Gadget Shop.
 10410 | Orc:2    | Noticed an ogre mage
 10414 | Orc:2    | Killed an ogre mage
 10415 | Orc:2    | Reached skill level 5 in Spellcasting
 10423 | Orc:2    | Reached skill level 11 in Unarmed Combat
 10431 | Orc:2    | Noticed an ogre mage
 10438 | Orc:2    | Reached XP level 14. HP: 28/92 MP: 3/23
 10725 | Orc:2    | Found a staircase to the Elven Halls.
 11180 | Orc:2    | Found Duolial's Antique Armour Shoppe.
 11186 | Orc:2    | Found Icoboicw's Weapon Boutique.
 11225 | Orc:2    | Bought a wand of acid (5) for 252 gold pieces
 11230 | Orc:2    | Bought a wand of iceblast (9) for 169 gold pieces
 11230 | Orc:2    | Bought a wand of paralysis (11) for 169 gold pieces
 11230 | Orc:2    | Bought a wand of paralysis (7) for 117 gold pieces
 11847 | Orc:1    | Found a roughly hewn altar of Beogh.
 11954 | D:12     | Killed a frost giant
 12185 | D:12     | HP: 4/92 [cyclops (31)]
 12456 | D:12     | Noticed a sphinx
 12470 | D:12     | Killed a sphinx
 13207 | Lair:1   | Entered Level 1 of the Lair of Beasts
 13299 | Lair:1   | Learned a level 7 spell: Malign Gateway
 13348 | Lair:2   | Reached skill level 12 in Unarmed Combat
 13442 | Lair:2   | Found a staircase to the Swamp.
 13998 | Lair:4   | Found a dark tunnel.
 14035 | Volcano  | Entered a volcano
 14382 | Volcano  | Found a burning altar of Makhleb.
 14393 | Volcano  | Slain by a salamander mystic

Levels and vault maps discovered:
D:1:      evilmike_arrival_fibonacci_small, layout_basic,
          corexii_leaking_fountain
D:2:      layout_rooms, lemuel_doored_altar, lemuel_coloured_pillars_altar,
          first_ration, grunt_decor_clamped, moated_statue,
          kennysheep_generic_room_7
D:3:      layout_basic, doesnt_xom_only_xom, uniq_ijyb
D:4:      layout_basic, kennysheep_mini, minmay_temple_entry_statues_fountains,
          minmay_manual_mail, uniq_grinder, uniq_blork_the_orc
D:5:      layout_gridville, lemuel_crystal_altar, serial_shops, shop, shop,
          uniq_pikel
D:6:      layout_loops_ring, tso_metal_star, makhleb_blood_cavern_becter,
          gup_sewer_entry_glass, serial_shops, nicolae_shop_behind_doors,
          uniq_prince_ribbit1
D:7:      minmay_angry_zag, layout_basic, serial_corexii_hall,
          chequers_hall_statues_y, corexii_hall_statues_x, basic_altar,
          uniq_harold
D:8:      layout_basic, serial_shops, kennysheep_mini_moat, basic_altar,
          enter_bailey_2, uniq_gastronok
D:9:      layout_cave_pools, lair_entry_dummy, gammafunk_ghost_icy
D:10:     layout_roguey, grunt_ogre_cave, minivault_25_ag, minmay_lindwurm_lava,
          uniq_grum, uniq_sonja
D:11:     layout_gridville, uniq_josephine
D:12:     evilmike_diamond_1, layout_cross, serial_shops, shop, uniq_urug
D:13:     layout_long_grid, dk_noncrumbling_3
Temple:   regret_index_temple_sphere_string
Lair:1:   layout_cave_pods, basic_altar, roderic_batcave, serial_bayou_pond_e,
          minmay_lair_oklob_items, st_stairs_4, grunt_megastairs_4,
          infiniplex_staircase_pool_2
Lair:2:   layout_loops_ring, minmay_swamp_entry_worms
Lair:3:   beast_lair_carwin_large_4, layout_chaotic_city,
          spider_nest_entry_funnel_web
Lair:4:   minmay_guarded_unrand_snakebite, layout_gridlike,
          nicolae_volcano_entry_two_sided
Orc:1:    layout_caves, basic_altar
Orc:2:    st_orc_open, layout_diamond_mine
Volcano:  volcano_lake [vl_original]

Skill      XL: |  1  2  3  4  5  6  7  8  9 10 11 12 13 14 |
---------------+-------------------------------------------+-----
Stealth        | 2 3 4 7 8 9 |  9.2
Evocations     | 4 6 7 |  7.7
Unarmed Combat | 6 9 10 11 12 | 12.3
Invocations    | 3 6 9 |  9.3
Fighting       | 4 5 7 |  7.0
Dodging        | 4 5 8 10 | 10.0
Summonings     | 1 4 7 |  7.9
Translocations | 2 4 7 |  7.9
Spellcasting   | 6 9 |  9.0
Short Blades   | |  1.0

Action                   |  1- 3 |  4- 6 |  7- 9 | 10-12 | 13-15 || total
-------------------------+-------+-------+-------+-------+-------++-------
Melee: Short sword       |    50 |    63 |    39 |       |       ||   152
       Constrict         |    12 |    16 |    87 |    52 |    87 ||   254
       Tentacles         |     7 |     9 |   102 |   141 |   179 ||   438
       Dagger            |       |       |   267 |       |       ||   267
       Punch             |       |       |    19 |    57 |    86 ||   162
       Unarmed           |       |       |    16 |   330 |   431 ||   777
Throw: Dart              |       |       |       |     4 |       ||     4
Invok: Slouch            |       |       |       |     8 |    11 ||    19
Evoke: Wand              |     3 |    10 |    18 |    31 |    25 ||    87
  Use: Potion            |       |       |     3 |     3 |     3 ||     9
       Scroll            |       |       |     5 |     8 |     6 ||    19
 Stab: Distracted        |     1 |       |     3 |     1 |     5 ||    10
       Sleeping          |     1 |    11 |    54 |    17 |    23 ||   106
       Paralysed         |     1 |     3 |     1 |    15 |     9 ||    29
  Eat: Chunk             |       |     4 |     8 |     5 |     7 ||    24
       Ration            |       |       |       |     1 |     1 ||     2
Armor: Skin              |    13 |     4 |    14 |    15 |    19 ||    65
Dodge: Dodged            |    46 |    30 |   158 |   269 |   596 ||  1099

Table legend:
 A = Non-vault XP
 B = Vault XP
 C = Vault XP percentage of total XP
 D = Non-vault monster count
 E = Vault monster count
 F = Vault count percentage of total count
                 A         B        C        D         E       F
            +---------+---------+-------+---------+---------+-------
      Total |   33072 |   47133 |  58.8 |     434 |     242 |  35.8
            +---------+---------+-------+---------+---------+-------
        D:1 |      17 |       1 |   5.6 |      11 |       1 |   8.3
        D:2 |     111 |      26 |  19.0 |      20 |       2 |   9.1
        D:3 |      99 |      39 |  28.3 |      19 |       1 |   5.0
        D:4 |     315 |     416 |  56.9 |      18 |       5 |  21.7
        D:5 |     560 |       0 |   0.0 |      18 |       0 |   0.0
        D:6 |     716 |     290 |  28.8 |      26 |       3 |  10.3
        D:7 |    1323 |     965 |  42.2 |      30 |       1 |   3.2
        D:8 |    1850 |    2203 |  54.4 |      38 |       1 |   2.6
        D:9 |    3174 |       0 |   0.0 |      37 |       0 |   0.0
       D:10 |    1712 |    2996 |  63.6 |      24 |      12 |  33.3
       D:11 |    5301 |    1675 |  24.0 |      28 |       4 |  12.5
       D:12 |    5918 |   14779 |  71.4 |      62 |      27 |  30.3
       D:13 |     385 |       0 |   0.0 |       3 |       0 |   0.0
     Lair:1 |     710 |     550 |  43.7 |       4 |      10 |  71.4
     Lair:2 |    3035 |     322 |   9.6 |      17 |       2 |  10.5
     Lair:3 |    1250 |    1534 |  55.1 |       5 |      15 |  75.0
     Lair:4 |     842 |       0 |   0.0 |       4 |       0 |   0.0
      Orc:1 |    1661 |       0 |   0.0 |      28 |       0 |   0.0
      Orc:2 |    4093 |   15797 |  79.4 |      42 |      37 |  46.8
      Sewer |       0 |     252 | 100.0 |       0 |      48 | 100.0
     Bailey |       0 |    3445 | 100.0 |       0 |      66 | 100.0
    Volcano |       0 |    1843 | 100.0 |       0 |       7 | 100.0
            +---------+---------+-------+---------+---------+-------
